AoeStats
← 化学炼金法Al+Cu→Au+Cl

Black Forest

510082923Analyzed
4v4 RM · 4d ago on Sep 29, 2026· 65m 7s· 8 players
Game mode
Random Map
Map size
Large (8 player)
Population
200
Speed
Normal
Resources
Standard
Victory
Conquest
Starting age
Dark Age
Ending age
Imperial Age
RankedLock teamsTeams togetherTeam positionsShared explorationLock speedFull tech treeHidden civsTurbo modeCheats
Victory
Defeat
🇹🇼 Franks · Taiwan
1071
+16
🇬🇧 Persians · United Kingdom
1042
+17
🇺🇸 Khmer · United States
1019
+18
🇹🇷 Huns · Türkiye
1009
+18
🇨🇳 Mongols · China
1166
-22
1086
-18
1016
-15
🇨🇳 Spanish · China
985
-14
toby
1:07 Loom
13:12 Feudal Age
17:24 Castle Age
15:59 Double-Bit Axe
20:49 Wheelbarrow
21:25 Horse Collar
28:24 Hand Cart
27:54 Town Watch
31:55 Imperial Age
30:22 Forging
30:19 Scale Barding Armor
31:27 Pikeman
32:09 Squires
31:54 Arson
34:26 Ballistics
35:06 Chemistry
35:09 Conscription
34:52 Kamandaran
35:40 Gold Mining
35:40 Stone Mining
37:25 Iron Casting
36:51 Scale Mail Armor
36:52 Padded Archer Armor
36:43 Fletching
37:14 Chain Barding Armor
36:38 Halberdier
37:01 Crossbowman
37:47 Thumb Ring
41:35 Bloodlines
41:26 Husbandry
42:18 Light Cavalry
42:55 Hussar
44:32 Citadels
44:27 Heavy Plow
44:41 Bow Saw
48:25 Blast Furnace
47:40 Chain Mail Armor
48:01 Plate Barding Armor
47:41 Leather Archer Armor
53:18 Plate Mail Armor
BubblySimbly
1:42 Loom
12:38 Feudal Age
18:16 Castle Age
17:36 Horse Collar
24:39 Forging
24:41 Husbandry
25:29 Scale Barding Armor
32:03 Wheelbarrow
32:14 Pikeman
36:47 Imperial Age
35:35 Elite Skirmisher
36:54 Fletching
38:34 Bodkin Arrow
40:08 Ballistics
43:15 Padded Archer Armor
48:09 Bracer
49:33 Hand Cart
Mr_FahrenHeit
12:13 Feudal Age
12:38 Loom
16:42 Castle Age
14:52 Double-Bit Axe
14:50 Horse Collar
23:38 Scale Barding Armor
25:01 Wheelbarrow
24:49 Bow Saw
26:24 Forging
26:48 Husbandry
27:02 Marauders
30:17 Heavy Plow
34:01 Chain Barding Armor
34:00 Hand Cart
35:11 Bloodlines
37:36 Imperial Age
36:22 Iron Casting
35:39 Elite Skirmisher
35:47 Pikeman
38:20 Halberdier
40:24 Squires
40:26 Scale Mail Armor
41:34 Fletching
43:02 Padded Archer Armor
44:11 Leather Archer Armor
44:30 Cavalier
45:27 Caravan
45:39 Bodkin Arrow
47:17 Plate Barding Armor
47:36 Bracer
48:06 Paladin
secret_marker
2:42 Loom
11:36 Feudal Age
13:31 Wheelbarrow
12:42 Double-Bit Axe
16:50 Castle Age
19:28 Hand Cart
24:36 Gold Mining
32:57 Imperial Age
30:40 Scale Barding Armor
30:46 Forging
31:00 Bow Saw
31:47 Chain Barding Armor
33:35 Iron Casting
34:22 Plate Barding Armor
33:22 Cavalier
36:06 Blast Furnace
37:49 Fletching
38:25 Scale Mail Armor
37:54 Paladin
39:13 Bow Saw
39:15 Pikeman
45:11 Light Cavalry
49:48 Husbandry
49:59 Halberdier
50:40 Squires
50:26 Arson
53:57 Chain Mail Armor
57:08 Plate Mail Armor
从不压堡之人
11:00 Feudal Age
11:48 Double-Bit Axe
11:47 Horse Collar
14:37 Castle Age
14:12 Wheelbarrow
15:51 Bow Saw
15:43 Heavy Plow
17:12 Loom
19:36 Loom
21:07 Hand Cart
22:53 Caravan
28:42 Imperial Age
26:51 Gold Mining
26:51 Stone Mining
27:38 Town Watch
27:48 Fletching
28:04 Scale Barding Armor
29:35 Sanctity
29:25 Fervor
31:07 Block Printing
31:27 Theocracy
31:17 Illumination
31:34 Stone Shaft Mining
32:01 Two-Man Saw
31:28 Bodkin Arrow
31:53 Chain Barding Armor
31:45 Redemption
32:41 Inquisition
33:03 Conscription
33:11 Husbandry
33:21 Bloodlines
33:13 Bracer
33:48 Plate Barding Armor
34:18 Chemistry
33:39 Ballistics
33:06 Arrowslits
33:12 Guard Tower
34:04 Masonry
33:49 Murder Holes
34:17 Guilds
36:06 Keep
35:41 Fortified Wall
37:01 Architecture
38:14 Bombard Tower
39:26 Town Patrol
39:28 Padded Archer Armor
42:07 Supremacy
41:08 Elite Conquistador
41:48 Sappers
44:20 Herbal Medicine
44:17 Onager
55:38 Capped Ram
57:38 Cavalier
58:30 Forging
62:06 Leather Archer Armor
62:29 Iron Casting
64:03 Hoardings
洗心革面重新做人TownYan
10:24 Feudal Age
11:05 Double-Bit Axe
14:03 Castle Age
12:16 Horse Collar
15:54 Wheelbarrow
17:09 Loom
22:14 Hand Cart
22:51 Bow Saw
23:13 Gold Mining
23:49 Heavy Plow
24:57 Gold Shaft Mining
24:12 Stone Mining
24:42 Loom
24:42 Town Watch
25:43 Caravan
26:56 Fletching
27:52 Bodkin Arrow
31:14 Imperial Age
30:09 Padded Archer Armor
30:52 Thumb Ring
31:09 Ballistics
31:54 Bracer
32:32 Leather Archer Armor
33:24 Chemistry
32:54 Husbandry
33:05 Bloodlines
34:12 Heavy Cavalry Archer
36:02 Parthian Tactics
36:17 Guilds
37:29 Scale Barding Armor
37:35 Forging
37:07 Cavalier
39:09 Chain Barding Armor
38:43 Paladin
41:02 Conscription
41:34 Atheism
41:17 Marauders
40:37 Elite Tarkan
42:45 Plate Barding Armor
42:46 Iron Casting
43:40 Two-Man Saw
46:21 Masonry
46:37 Sappers
叫声乌鸦哥
9:46 Feudal Age
10:37 Double-Bit Axe
13:17 Castle Age
12:22 Horse Collar
14:09 Heavy Plow
14:42 Bow Saw
15:30 Loom
21:03 Wheelbarrow
21:33 Gold Mining
23:47 Gold Shaft Mining
23:38 Hand Cart
23:50 Caravan
25:08 Stone Mining
30:00 Imperial Age
27:37 Scale Barding Armor
28:55 Chain Barding Armor
28:47 Forging
29:14 Husbandry
29:26 Bloodlines
30:31 Ballistics
30:05 Heavy Camel Rider
31:20 Iron Casting
31:07 Conscription
30:27 Onager
32:15 Siege Onager
33:17 Drill
34:01 Nomads
34:07 Siege Engineers
35:25 Chemistry
35:29 Blast Furnace
34:19 Fletching
37:52 Bodkin Arrow
41:19 Bracer
43:24 Padded Archer Armor
43:35 Masonry
42:50 Elite Mangudai
48:36 Thumb Ring
48:57 Parthian Tactics
48:48 Leather Archer Armor
49:17 Hoardings
化学炼金法Al+Cu→Au+Cl
11:28 Feudal Age
15:04 Castle Age
13:06 Double-Bit Axe
16:32 Bow Saw
22:16 Gold Mining
22:21 Stone Mining
23:18 Wheelbarrow
29:46 Imperial Age
27:02 Loom
27:32 Hand Cart
28:03 Caravan
28:27 Scale Barding Armor
28:32 Forging
28:13 Ordonnance Companies
30:12 Town Watch
30:49 Chain Barding Armor
31:04 Iron Casting
30:54 Conscription
29:59 Cavalier
30:40 Husbandry
31:31 Paladin
34:09 Plate Barding Armor
34:35 Blast Furnace
37:21 Gold Shaft Mining
38:11 Treadmill Crane
38:51 Ballistics
39:32 Chemistry
39:14 Fletching
40:26 Town Patrol
44:19 Siege Engineers
46:14 Bodkin Arrow
62:33 Padded Archer Armor
Connection lost

Rejoining the realm…

Still unreachable

The connection could not be restored.

Session expired

The server has moved on; the page needs a fresh start.